Map: Beladona LE

Players

LowLinK - Winner!

  • Race: Protoss Protoss
  • League: Platinum
  • Spawn Location: 11:00

VOD

Have the link to the VOD?

Description

Time

  • Played on: Feb. 15, 2020, 1:11 p.m.
  • Length: 9:10
Show
View Real Time Build Order
Export as new Build Order

LowLinK Protoss - Winner!

Build Orders:  

Get SALT Encoding   

  12  0:03  Probe (Chrono Boost)  
  14  0:20  Probe (Chrono Boost)  
  14  0:24  Pylon  
  14  0:37  Probe (Chrono Boost)  
  15  0:49  Probe (Chrono Boost), Gateway  
  16  1:01  Probe (Chrono Boost)  
  16  1:05  Assimilator  
  17  1:14  Probe (Chrono Boost)  
  17  1:18  Assimilator  
  19  1:31  Probe (Chrono Boost)  
  19  1:42  Pylon  
  19  1:48  Probe (Chrono Boost)  
  20  1:55  Cybernetics Core  
  21  2:11  Probe (Chrono Boost)  
  21  2:20  Pylon  
  21  2:28  Probe (Chrono Boost)  
  22  2:39  Pylon  
  22  2:45  Probe (Chrono Boost)  
  24  3:17  Pylon  
  23  3:24  Twilight Council  
  25  3:58  Gateway  
  25  3:59  Gateway  
  25  4:08  Pylon  
  25  4:15  Gateway  
  25  4:18  Unknown  
  25  4:19  Gateway  
  25  4:24  Warp Gate  
  25  4:39  Unknown  
  25  4:56  Unknown  
  25  5:18  Cybernetics Core  
  25  5:21  Charge (Chrono Boost)  
  25  5:22  Dark Shrine  
  25  5:35  Zealot x4  
  25  5:36  Zealot  
  35  6:01  Pylon  
  35  6:06  Zealot x3  
  35  6:07  Zealot x2  
  45  6:37  Sentry  
  45  6:38  Zealot x3  
  49  7:01  Zealot  
  49  7:05  Unknown  
  49  7:09  Stalker x2  
  55  7:32  Zealot x2  
  55  7:33  Zealot  
  59  8:08  Dark Templar x2  
  63  8:22  Pylon  
  63  9:01  Dark Templar x4  
Tags
 
Add a new tag
Caveats
  • Supply blocks, unpowered buildings, or Contaminate may cause inaccurate times.
  • Supply counts are checked every 10 seconds.